SA
LEVITTOWN BLUE DRAGONS @ NIAGARA FALLS EXPOS
07/09/2042
 
TOP OF THE 1ST
Levittown Blue Dragons batting - Pitching for Niagara Falls Expos : RHP Rich Conklin
Pitching: RHP Rich Conklin
Batting: LHB Josh Hall 0-0: Foul Ball, location: 2F
0-1: Ground out 2-3 (Groundball, 2R, EV 70.0 MPH)
Batting: LHB Ernesto Valenzuela 0-0: Ball
1-0: Ground out 6-3 (Groundball, 6, EV 103.8 MPH)
Batting: RHB Frans Lissenberg 0-0: Called Strike
0-1: Swinging Strike
0-2: Ball
1-2: Ball
2-2: Ball
3-2: Foul Ball, location: 2F
3-2: Base on Balls
Batting: LHB Rafael Soto 0-0: Ball
1-0: Called Strike
1-1: Ball
2-1: Swinging Strike
2-2: Ball
3-2: Base on Balls
Frans Lissenberg to second
Batting: RHB Kent Luper 0-0: Ball
1-0: Called Strike
1-1: Ball
2-1: Swinging Strike
2-2: Fly out, F7 (Flyball, 7LSF, EV 90.0 MPH)
Top of the 1st over - 0 runs, 0 hits, 0 errors, 2 left on base; Levittown 0 - Niagara Falls 0
BOTTOM OF THE 1ST
Niagara Falls Expos batting - Pitching for Levittown Blue Dragons : RHP Edward Martin
Pitching: RHP Edward Martin
Batting: RHB Jim O'Neal 0-0: Called Strike
0-1: Called Strike
0-2: Ball
1-2: Strikes out looking
Batting: RHB Arnie Birand 0-0: Called Strike
0-1: Ball
1-1: Ball
2-1: Fly out, F1 (Line Drive, P, EV 67.5 MPH)
Batting: RHB Caleb Kennedy 0-0: Fly out, F5 (Popup, 15, EV 82.5 MPH)
Bottom of the 1st over - 0 runs, 0 hits, 0 errors, 0 left on base; Levittown 0 - Niagara Falls 0
TOP OF THE 2ND
Levittown Blue Dragons batting - Pitching for Niagara Falls Expos : RHP Rich Conklin
Batting: LHB Norm Williams 0-0: Ball
1-0: Fly out, F3 (Line Drive, 3, EV 76.2 MPH)
Batting: RHB Aaron Attyte 0-0: Ball
1-0: Called Strike
1-1: Called Strike
1-2: Ball
2-2: Foul Ball, location: 2F
2-2: Fly out, F5 (Line Drive, 5, EV 68.1 MPH)
Batting: SHB Daniel Washington 0-0: Called Strike
0-1: Called Strike
0-2: Foul Ball, location: 2F
0-2: Strikes out swinging
Top of the 2nd over - 0 runs, 0 hits, 0 errors, 0 left on base; Levittown 0 - Niagara Falls 0
BOTTOM OF THE 2ND
Niagara Falls Expos batting - Pitching for Levittown Blue Dragons : RHP Edward Martin
Batting: RHB Jeremy Watson 0-0: Swinging Strike
0-1: Called Strike
0-2: Ball
1-2: Strikes out swinging
Batting: LHB Dave Young 0-0: Ball
1-0: Called Strike
1-1: Swinging Strike
1-2: Ball
2-2: Ball
3-2: Strikes out swinging
Batting: RHB Jesús Odilia 0-0: Ball
1-0: SINGLE (Groundball, 56D, EV 110.0 MPH)
Batting: RHB Michael Hudson 0-0: Foul Ball, location: 2F
0-1: Called Strike
0-2: Ball
1-2: Foul Ball, location: 2F
1-2: Foul Ball, location: 2F
1-2: Strikes out swinging
Bottom of the 2nd over - 0 runs, 1 hit, 0 errors, 1 left on base; Levittown 0 - Niagara Falls 0
TOP OF THE 3RD
Levittown Blue Dragons batting - Pitching for Niagara Falls Expos : RHP Rich Conklin
Batting: SHB Luis Miguel Garza 0-0: Ball
1-0: Ball
2-0: Ball
3-0: Base on Balls
Batting: LHB Josh Hall 0-0: Called Strike
0-1: Ball
1-1: Called Strike
1-2: SINGLE (Groundball, 4MD, EV 105.0 MPH)
Luis Miguel Garza to second
Batting: LHB Ernesto Valenzuela 0-0: Ball
1-0: Called Strike
1-1: Fielders Choice at 2nd, 4-6 (Groundball, 34, EV 83.1 MPH)
Luis Miguel Garza to third
Batting: RHB Frans Lissenberg 0-0: Ball
1-0: Called Strike
1-1: Ball
2-1: Foul Ball, location: 2F
2-2: Ball
3-2: Strikes out swinging
Batting: LHB Rafael Soto 0-0: Ball
1-0: Ball
2-0: Ball
3-0: Called Strike
3-1: Swinging Strike
3-2: Base on Balls
Ernesto Valenzuela to second
Batting: RHB Kent Luper 0-0: Ball
1-0: Ball
2-0: Ball
3-0: Base on Balls
Luis Miguel Garza scores
Ernesto Valenzuela to third
Rafael Soto to second
Batting: LHB Norm Williams 0-0: Swinging Strike
0-1: Ball
1-1: Called Strike
1-2: Ground out 4-3 (Groundball, 4D, EV 100.0 MPH)
Top of the 3rd over - 1 run, 1 hit, 0 errors, 3 left on base; Levittown 1 - Niagara Falls 0
BOTTOM OF THE 3RD
Niagara Falls Expos batting - Pitching for Levittown Blue Dragons : RHP Edward Martin
Batting: RHB Vsevolod Bagdasaroff 0-0: Called Strike
0-1: Ball
1-1: Ball
2-1: Foul Ball, location: 2F
2-2: Fly out, F8 (Line Drive, 8RD, EV 105.0 MPH)
Batting: RHB Carlos Rivera 0-0: Foul Ball, location: 2F
0-1: Called Strike
0-2: Strikes out looking
Batting: RHB Jim O'Neal 0-0: Called Strike
0-1: Ground out 6-3 (Groundball, 6, EV 88.8 MPH)
Bottom of the 3rd over - 0 runs, 0 hits, 0 errors, 0 left on base; Levittown 1 - Niagara Falls 0
TOP OF THE 4TH
Levittown Blue Dragons batting - Pitching for Niagara Falls Expos : RHP Rich Conklin
Batting: RHB Aaron Attyte 0-0: Swinging Strike
0-1: DOUBLE (Line Drive, 8RD, EV 99.4 MPH)
Batting: SHB Daniel Washington 0-0: Foul Ball, location: 2F
0-1: Ball
1-1: DOUBLE (Line Drive, 89D, EV 106.2 MPH)
Aaron Attyte scores
Batting: SHB Luis Miguel Garza 0-0: Ball
1-0: Foul Ball, location: 2F
1-1: Swinging Strike
1-2: Ball
2-2: Ground out 6-3 (Groundball, 6M, EV 83.1 MPH)
Daniel Washington to third
Batting: LHB Josh Hall 0-0: DOUBLE (Line Drive, 9LS, EV 95.0 MPH)
Daniel Washington scores
Batting: LHB Ernesto Valenzuela 0-0: Called Strike
0-1: SINGLE (Groundball, 13S, EV 75.0 MPH) (infield hit)
Josh Hall to third
Batting: RHB Frans Lissenberg 0-0: Ball
Ernesto Valenzuela is caught stealing 2nd base 2-4
1-0: Swinging Strike
1-1: Called Strike
1-2: Fly out, F6 (Popup, 4MS, EV 60.6 MPH)
Top of the 4th over - 2 runs, 4 hits, 0 errors, 1 left on base; Levittown 3 - Niagara Falls 0
BOTTOM OF THE 4TH
Niagara Falls Expos batting - Pitching for Levittown Blue Dragons : RHP Edward Martin
Batting: RHB Arnie Birand 0-0: Ball
1-0: Ball
2-0: Foul Ball, location: 2F
2-1: Foul Ball, location: 2F
2-2: Foul Ball, location: 2F
2-2: Strikes out looking
Batting: RHB Caleb Kennedy 0-0: Hit by Pitch
Batting: RHB Jeremy Watson 0-0: Ball
1-0: Ball
2-0: Swinging Strike
2-1: Ball
3-1: Swinging Strike
3-2: Strikes out looking
Batting: LHB Dave Young 0-0: Ball
1-0: Called Strike
1-1: Called Strike
1-2: Ball
2-2: Foul Ball, location: 2F
2-2: Ball
3-2: Strikes out swinging
Bottom of the 4th over - 0 runs, 0 hits, 0 errors, 1 left on base; Levittown 3 - Niagara Falls 0
TOP OF THE 5TH
Levittown Blue Dragons batting - Pitching for Niagara Falls Expos : RHP Rich Conklin
Batting: LHB Rafael Soto 0-0: Ball
1-0: Ball
2-0: SINGLE (Groundball, 34D, EV 95.6 MPH)
Batting: RHB Kent Luper 0-0: Fielders Choice at 2nd, 1-4 (Groundball, 15S, EV 70.0 MPH)
Batting: LHB Norm Williams 0-0: Ball
1-0: Foul Ball, location: 2F
1-1: Ball
2-1: Swinging Strike
2-2: Fly out, F4 (Line Drive, 4, EV 61.2 MPH)
Batting: RHB Aaron Attyte 0-0: Ball
1-0: Ball
2-0: Called Strike
2-1: Foul Ball, location: 2F
2-2: Foul Ball, location: 2F
2-2: Ball
3-2: Foul Ball, location: 2F
3-2: Strikes out swinging
Top of the 5th over - 0 runs, 1 hit, 0 errors, 1 left on base; Levittown 3 - Niagara Falls 0
BOTTOM OF THE 5TH
Niagara Falls Expos batting - Pitching for Levittown Blue Dragons : RHP Edward Martin
Batting: RHB Jesús Odilia 0-0: Foul Ball, location: 2F
0-1: Called Strike
0-2: Foul Ball, location: 2F
0-2: Ball
1-2: Foul Ball, location: 2F
1-2: Ground out 4-3 (Groundball, 4, EV 98.1 MPH)
Batting: RHB Michael Hudson 0-0: Called Strike
0-1: Swinging Strike
0-2: Ball
1-2: Strikes out looking
Batting: RHB Vsevolod Bagdasaroff 0-0: Called Strike
0-1: Foul Ball, location: 2F
0-2: Ball
1-2: Fly out, F7 (Flyball, 7S, EV 75.0 MPH)
Bottom of the 5th over - 0 runs, 0 hits, 0 errors, 0 left on base; Levittown 3 - Niagara Falls 0
TOP OF THE 6TH
Levittown Blue Dragons batting - Pitching for Niagara Falls Expos : RHP Rich Conklin
Batting: SHB Daniel Washington 0-0: Ground out 3-1 (Groundball, 3, EV 101.9 MPH)
Batting: SHB Luis Miguel Garza 0-0: Ball
1-0: Ground out 6-3 (Groundball, 6MS, EV 81.9 MPH)
Batting: LHB Josh Hall 0-0: Ball
1-0: Ball
2-0: Called Strike
2-1: Called Strike
2-2: TRIPLE (Line Drive, 9LD, EV 106.2 MPH)
Pitching: RHP Theo Von Heezik
Batting: LHB Ernesto Valenzuela 0-0: Called Strike
0-1: Called Strike
0-2: Ball
1-2: Foul Ball, location: 2F
1-2: Ball
2-2: Ball
3-2: Base on Balls
Batting: RHB Frans Lissenberg 0-0: SINGLE (Groundball, 6D, EV 106.2 MPH)
Josh Hall scores
Ernesto Valenzuela to second
Batting: LHB Rafael Soto 0-0: Called Strike
0-1: Ball
1-1: Ball
2-1: Ground out 5-3 (Groundball, 56S, EV 80.0 MPH)
Top of the 6th over - 1 run, 2 hits, 0 errors, 2 left on base; Levittown 4 - Niagara Falls 0
BOTTOM OF THE 6TH
Niagara Falls Expos batting - Pitching for Levittown Blue Dragons : RHP Edward Martin
Batting: RHB Carlos Rivera 0-0: Called Strike
0-1: Called Strike
0-2: Strikes out swinging
Batting: RHB Jim O'Neal 0-0: Called Strike
0-1: Swinging Strike
0-2: Ball
1-2: Strikes out swinging
Batting: RHB Arnie Birand 0-0: Ground out 6-3 (Groundball, 6, EV 80.6 MPH)
Bottom of the 6th over - 0 runs, 0 hits, 0 errors, 0 left on base; Levittown 4 - Niagara Falls 0
TOP OF THE 7TH
Levittown Blue Dragons batting - Pitching for Niagara Falls Expos : RHP Theo Von Heezik
Batting: RHB Kent Luper 0-0: Called Strike
0-1: Foul Ball, location: 2F
0-2: Strikes out swinging
Batting: LHB Norm Williams 0-0: Ball
1-0: Ground out U3 (Groundball, 34, EV 90.6 MPH)
Batting: RHB Aaron Attyte 0-0: Ball
1-0: Ball
2-0: Foul Ball, location: 2F
2-1: Ball
3-1: Base on Balls
Batting: SHB Daniel Washington 0-0: Swinging Strike
0-1: Swinging Strike
0-2: Ball
1-2: Strikes out swinging
Top of the 7th over - 0 runs, 0 hits, 0 errors, 1 left on base; Levittown 4 - Niagara Falls 0
BOTTOM OF THE 7TH
Niagara Falls Expos batting - Pitching for Levittown Blue Dragons : RHP Edward Martin
Batting: RHB Caleb Kennedy 0-0: Called Strike
0-1: DOUBLE (Line Drive, 78D, EV 106.9 MPH)
Batting: RHB Jeremy Watson 0-0: Called Strike
0-1: Ball
1-1: Called Strike
1-2: Ball
2-2: Fly out, F7 (Line Drive, 7, EV 93.8 MPH)
Batting: LHB Dave Young 0-0: Called Strike
0-1: Ball
1-1: Ball
2-1: Foul Ball, location: 2F
2-2: Foul Ball, location: 2F
2-2: Ball
3-2: Foul Ball, location: 2F
3-2: Foul Ball, location: 2F
3-2: Strikes out looking
Batting: RHB Jesús Odilia 0-0: Called Strike
0-1: Foul Ball, location: 2F
0-2: Strikes out looking
Bottom of the 7th over - 0 runs, 1 hit, 0 errors, 1 left on base; Levittown 4 - Niagara Falls 0
TOP OF THE 8TH
Levittown Blue Dragons batting - Pitching for Niagara Falls Expos : RHP Theo Von Heezik
Batting: SHB Luis Miguel Garza 0-0: Called Strike
0-1: Reached on error, E9 (Line Drive, 9, EV 92.5 MPH)
Batting: LHB Josh Hall 0-0: Sac Bunt to 25 - play at first, batter OUT! 5-3
Luis Miguel Garza to second
Batting: LHB Ernesto Valenzuela 0-0: Ground out 1-3 (Groundball, 13S, EV 68.8 MPH)
Luis Miguel Garza to third
Batting: RHB Frans Lissenberg 0-0: Ball
1-0: Ball
2-0: Foul Ball, location: 2F
2-1: Swinging Strike
2-2: Ball
3-2: Strikes out looking
Top of the 8th over - 0 runs, 0 hits, 1 error, 1 left on base; Levittown 4 - Niagara Falls 0
BOTTOM OF THE 8TH
Niagara Falls Expos batting - Pitching for Levittown Blue Dragons : RHP Edward Martin
Batting: RHB Michael Hudson 0-0: Foul Ball, location: 2F
0-1: DOUBLE (Line Drive, 7LS, EV 91.2 MPH)
Pitching: LHP Jing-sheng Bian
Batting: RHB Vsevolod Bagdasaroff 0-0: Called Strike
0-1: Called Strike
0-2: Ball
1-2: Ground out 4-3 (Groundball, 34, EV 103.1 MPH)
Michael Hudson to third
Batting: RHB Carlos Rivera 0-0: Ball
1-0: Foul Ball, location: 2F
1-1: Called Strike
1-2: Hit by Pitch
Batting: RHB Jim O'Neal 0-0: Swinging Strike
0-1: Called Strike
0-2: Strikes out swinging
Batting: RHB Arnie Birand 0-0: Ball
1-0: Swinging Strike
1-1: Ball
2-1: Ball
3-1: Base on Balls
Carlos Rivera to second
Batting: RHB Caleb Kennedy 0-0: Called Strike
0-1: Swinging Strike
0-2: Ball
1-2: SINGLE (Flyball, 78S, EV 86.9 MPH)
Michael Hudson scores
Carlos Rivera to third
Arnie Birand to second
Runner from 3rd tries for Home, SAFE, no throw by LF
Batting: RHB Jeremy Watson 0-0: Foul Ball, location: 2F
0-1: Ball
1-1: Ball
2-1: Fly out, F9 (Flyball, 9, EV 87.5 MPH)
Bottom of the 8th over - 2 runs, 2 hits, 0 errors, 2 left on base; Levittown 4 - Niagara Falls 2
TOP OF THE 9TH
Levittown Blue Dragons batting - Pitching for Niagara Falls Expos : RHP Theo Von Heezik
Pitching: RHP Will Parker
Batting: LHB Rafael Soto 0-0: Foul Ball, location: 2F
0-1: Swinging Strike
0-2: Ball
1-2: Ground out 6-3 (Groundball, 6, EV 85.6 MPH)
Batting: RHB Kent Luper 0-0: Ball
1-0: Fly out, F6 (Popup, 4M, EV 63.8 MPH)
Batting: LHB Norm Williams 0-0: Ball
1-0: Swinging Strike
1-1: Foul Ball, location: 2F
1-2: Ball
2-2: Foul Ball, location: 2F
2-2: Fly out, F9 (Flyball, 9LS, EV 90.6 MPH)
Top of the 9th over - 0 runs, 0 hits, 0 errors, 0 left on base; Levittown 4 - Niagara Falls 2
BOTTOM OF THE 9TH
Niagara Falls Expos batting - Pitching for Levittown Blue Dragons : LHP Jing-sheng Bian
Pitching: RHP César Cruz
Now at 3B: Enrico Castańera
Now in CF: An-yi Zhou
Batting: LHB Dave Young 0-0: Ball
1-0: Fly out, F7 (Flyball, 7, EV 81.9 MPH)
Batting: RHB Jesús Odilia 0-0: Ball
1-0: Foul Ball, location: 2F
1-1: Ground out 5-3 (Groundball, 5S, EV 76.9 MPH)
Batting: RHB Michael Hudson 0-0: Ball
1-0: Called Strike
1-1: Ground out 6-3 (Groundball, 6, EV 89.4 MPH)
Bottom of the 9th over - 0 runs, 0 hits, 0 errors, 0 left on base; Levittown 4 - Niagara Falls 2
Friday, March 26th, 2021 - OOTP Baseball 20.8 Build 74